 Dungeon Crawl Stone Soup version 0.28-a0-664-gc179e30c89 (webtiles) character file.

Game seed: 17554741509473495410

746 bande the Chopper (level 7, -4/44 HPs)
             Began as a Gargoyle Fighter on Oct 16, 2021.
             Slain by Prince Ribbit (6 damage)
             ... on level 4 of the Dungeon.
             The game lasted 00:13:38 (5419 turns).

bande the Chopper (Gargoyle Fighter)                Turns: 5419, Time: 00:13:38

Health: -4/44      AC: 17    Str: 20    XL:     7   Next: 77%
Magic:  7/7        EV:  6    Int: 11    God:
Gold:   237        SH:  4    Dex: 10    Spells: 6/6 levels left

rFire   . . .      SeeInvis .   a - +1 war axe
rCold   . . .      Faith    .   c - +0 buckler
rNeg    + . .      Spirit   .   f - +0 plate armour
rPois   ∞          Reflect  .   (no helmet)
rElec   +          Harm     .   (no cloak)
rCorr   .          Rampage  .   (no gloves)
Will    +....                   (no boots)
Stlth   ..........              (no amulet)
HPRegen 0.14/turn               n - ring of willpower
MPRegen 0.10/turn               (no ring)

@: mighty, brilliant
A: sickness immunity, AC +4, negative energy resistance 1, electricity
resistance, torment resistance 1, petrification resistance, clever 1, MP-powered
wands
a: no special abilities


You were on level 4 of the Dungeon.
You visited 1 branch of the dungeon, and saw 5 of its levels.

You collected 237 gold pieces.

Inventory:

Hand Weapons
 a - a +1 war axe (weapon)
 g - a +0 war axe
 o - a +1 flail of protection
Missiles
 m - a throwing net (quivered)
Armour
 c - a +0 buckler (worn)
 f - a +0 plate armour (worn)
Jewellery
 n - a ring of willpower (left hand)
 p - a ring of flight
 q - a ring of fire
Wands
 b - a wand of iceblast (9)
Scrolls
 e - a scroll of teleportation
 k - a scroll of amnesia
 r - a scroll of magic mapping
Potions
 d - a potion of might
 h - 2 potions of flight
 i - a potion of curing
 l - a potion of ambrosia


   Skills:
 + Level 4.4 Fighting
 + Level 5.5 Axes
 + Level 4.9 Armour
 + Level 4.7 Shields
 * Level 2.0 Evocations


You had 6 spell levels left.
You didn't know any spells.
Your spell library contained the following spells:

 Spells                   Type           Power      Damage    Failure   Level
 Animate Skeleton         Necr           0%         N/A       100%        1
 Apportation              Tloc           0%         N/A       100%        1
 Summon Small Mammal      Summ           0%         N/A       100%        1
 Leda's Liquefaction      Hex/Erth       0%         N/A       100%        4
 Lee's Rapid Deconstruct  Erth           0%         3d5*      100%        5
 Statue Form              Tmut/Erth      Unusable   N/A       N/A         6

Dungeon Overview and Level Annotations

Branches:
Dungeon (5/15)
 Temple: D:4-7

Altars:
Kikubaaqudgha

Annotations:
D:4 Prince Ribbit


Innate Abilities, Weirdness & Mutations

You are immune to sickness and miasma.
Your stone body is resilient. (AC +4)
You are immune to poison.
You resist negative energy. (rN+)
You are resistant to electric shocks. (rElec)
You are resistant to unholy torment.
You are immune to petrification.
Your mind is acute. (Int +2)
You expend magic power (3 MP) to strengthen your wands.


Message History

It was a potion of brilliance.
You feel clever all of a sudden.
You feel very mighty all of a sudden. Prince Ribbit hits you.
* * * LOW HITPOINT WARNING * * *
Unknown command.
You feel better.
Prince Ribbit blinks!
Unknown command.
You closely miss Prince Ribbit.
Prince Ribbit is lightly wounded.
Prince Ribbit blinks!
Prince Ribbit barely misses you.
You miss Prince Ribbit.
Prince Ribbit is lightly wounded.
Prince Ribbit hits you.
* * * LOW HITPOINT WARNING * * *
You slash Prince Ribbit!
Prince Ribbit is moderately wounded.
Prince Ribbit blinks!
You barely miss Prince Ribbit.
Prince Ribbit is moderately wounded.
You block Prince Ribbit's attack.
Prince Ribbit blinks!
Prince Ribbit hits you but does no damage.
Prince Ribbit barely misses you.
You miss Prince Ribbit.
Prince Ribbit is moderately wounded.
Prince Ribbit closely misses you.
You barely miss Prince Ribbit.
Prince Ribbit is moderately wounded.
Prince Ribbit hits you!
* * * LOW HITPOINT WARNING * * *
Prince Ribbit blinks!
You hit Prince Ribbit.
Prince Ribbit is heavily wounded.
Prince Ribbit closely misses you.
You miss Prince Ribbit.
Prince Ribbit is heavily wounded.
Prince Ribbit hits you but does no damage.
Prince Ribbit hits you.
You die...

#######.# ##....
###_####.# #.....
#8...8##.# ##....
##.....##.# ###.....
#8.....8#.#####.......
#.....##.............
#8...8####.###.......
##.....###............
#8...@.8##............
##...F.###............
#8..)8##......#......
###>####............#
#######.......##...#
##.......##..##.....
#########......#.>.
#........#...
##....)......


You could see Prince Ribbit.

Vanquished Creatures
  A necrophage (D:5)
  An ogre (D:4)
  A kobold brigand (D:5)
  A scorpion (D:4)
  A bullfrog skeleton (D:5)
  2 hounds
  A jelly (D:5)
  3 orc wizards
  A hound skeleton (D:5)
  6 gnolls
  5 adders
  A white imp (D:5)
  An ufetubus (D:5)
  2 worms
  3 dart slugs
  6 orcs
  3 ball pythons
  6 bats
  8 endoplasms
  6 giant cockroaches
  4 goblins
  7 hobgoblins
  6 jackals
  19 kobolds
  3 quokkas
  3 frilled lizards
  5 rats
  A spectral hobgoblin (D:1)
107 creatures vanquished.

Notes
Turn   | Place    | Note
-------+----------+-------------------------------------------
     0 | D:1      | bande the Gargoyle Fighter began the quest for the Orb.
     0 | D:1      | Reached XP level 1. HP: 14/14 MP: 1/1
   214 | D:1      | Reached XP level 2. HP: 13/19 MP: 2/2
   414 | D:1      | Found a faded altar of an unknown god.
   422 | D:1      | Reached skill level 2 in Axes
  1173 | D:2      | Reached XP level 3. HP: 19/23 MP: 3/3
  1985 | D:2      | Reached XP level 4. HP: 28/28 MP: 4/4
  2241 | D:3      | Gained mutation: Your mind is acute. (Int +2) [potion of
                  | mutation]
  2241 | D:3      | Gained mutation: You expend magic power (3 MP) to
                  | strengthen your wands. [potion of mutation]
  2421 | D:2      | Reached skill level 3 in Axes
  2618 | D:3      | Reached XP level 5. HP: 33/33 MP: 5/5
  3612 | D:4      | Reached skill level 4 in Axes
  3612 | D:4      | Reached XP level 6. HP: 14/38 MP: 6/6
  4431 | D:4      | Reached skill level 1 in Evocations
  4433 | D:4      | Reached XP level 7. HP: 35/43 MP: 7/7
  4586 | D:5      | Entered Level 5 of the Dungeon
  4976 | D:5      | Reached skill level 5 in Axes
  5291 | D:5      | Noticed Prince Ribbit
  5320 | D:4      | Found an ancient bone altar of Kikubaaqudgha.
  5416 | D:4      | HP: 2/44 [Prince Ribbit (12)]
  5419 | D:4      | Slain by Prince Ribbit

Illustrated notes

Levels and vault maps discovered:
D:1:      psy_arrival_radial01, layout_loops_cross,
          dreamdust_ecumenical_altar_drowned_temple
D:2:      layout_basic, hex_tiny, minmay_worlds_worst_comb
D:3:      wad_crossroads, layout_basic
D:4:      layout_cave_pools, nicolae_overflow_hidden_temple, serial_park_tiny_2,
          grunt_decor_junction, minmay_statues_item
D:5:      layout_cave_pods, uniq_prince_ribbit1

Skill      XL: |  1  2  3  4  5  6  7 |
---------------+----------------------+-----
Axes           | 2 3 4 5 |  5.5
Shields        | 4 |  4.7
Armour         | 4 |  4.9
Fighting       | 4 |  4.4
Evocations     | 1 2 |  2.0

Action                   |  1- 3 |  4- 6 |  7- 9 || total
-------------------------+-------+-------+-------++-------
Melee: War axe           |   129 |   207 |    86 ||   422
  Use: Scroll            |     2 |     5 |     4 ||    11
       Potion            |       |     1 |     4 ||     5
Armor: Scale mail        |     9 |       |       ||     9
       Plate armour      |    85 |   161 |    80 ||   326
Dodge: Dodged            |    44 |    83 |    36 ||   163
Block: Buckler           |    29 |    51 |    22 ||   102

Table legend: (Time is in decaauts)
 A = Elapsed time spent in this place.
 B = Non-inter-level travel time spent in this place.
 C = Inter-level travel time spent in this place.
 D = Time resting spent in this place.
 E = Time spent auto-exploring this place.
 F = Levels seen in this place.
 G = Mean time per level.
                   A        B        C        D        E       F      G
               +--------+--------+--------+--------+--------+-----+--------+
         Total |   5572 |   5572 |      0 |   1197 |   3100 |   5 | 1114.4 |
       Dungeon |   5572 |   5572 |      0 |   1197 |   3100 |   5 | 1114.4 |
               +--------+--------+--------+--------+--------+-----+--------+

Top non-repeatable levels by time:
     D:3: 1259 daAuts
     D:4: 1258 daAuts
     D:2: 1156 daAuts
     D:1: 1151 daAuts
     D:5: 746 daAuts
